 Dungeon Crawl Stone Soup version 0.29-a0-42-g9fc6a9d (webtiles) character file.

Game seed: 3441175409155398652

139 Illumine the Slasher (level 5, -1/45 HPs)
             Began as a Draconian Monk on Feb 2, 2022.
             Succumbed to an adder's poison
             ... on level 3 of the Dungeon.
             The game lasted 00:03:55 (2670 turns).

Illumine the Slasher (Draconian Monk)               Turns: 2670, Time: 00:03:55

Health: -1/45      AC:  5    Str: 15    XL:     5   Next: 1%
Magic:  5/5        EV: 12    Int: 10    God:
Gold:   60         SH:  0    Dex: 14    Spells: 4/4 levels left

rFire   . . .      SeeInvis .   a - +0 falchion
rCold   . . .      Faith    .   (no shield)
rNeg    . . .      Spirit   .   (armour unavailable)
rPois   .          Reflect  .   (helmet restricted)
rElec   .          Harm     .   (no cloak)
rCorr   .          Rampage  .   (no gloves)
Will    .....                   (no boots)
Stlth   +.........              (no amulet)
HPRegen 0.15/turn               (no ring)
MPRegen 0.09/turn               (no ring)

@: lethally poisoned (-1 -> -10), very slow
A: AC +5, unfitting armour, cold-blooded
a: no special abilities


You were on level 3 of the Dungeon.
You visited 1 branch of the dungeon, and saw 3 of its levels.

You collected 60 gold pieces.

Inventory:

Hand Weapons
 a - a +0 falchion (weapon)
 g - a +3 trident
Missiles
 i - 6 boomerangs (quivered)
Jewellery
 h - an amulet of guardian spirit
Scrolls
 e - a scroll of noise {unknown}
 f - a scroll of amnesia
Potions
 b - a potion of heal wounds
 d - a potion of invisibility
 j - a potion of curing


   Skills:
 - Level 3.2 Fighting
 * Level 5.7 Long Blades
 - Level 2.6 Dodging
 - Level 1.7 Stealth


You had 4 spell levels left.
You didn't know any spells.
Your spell library contained the following spells:

 Spells                   Type           Power      Damage    Failure   Level
 Ensorcelled Hibernation  Hex/Ice        0%         N/A       50%         2
 Spider Form              Tmut/Pois      0%         N/A       75%         3
 Anguish                  Hex/Necr       0%         N/A       98%         4


Dungeon Overview and Level Annotations

Branches:
Dungeon (3/15)

Altars:

Shops:
D:1 :


Innate Abilities, Weirdness & Mutations

Your plain brown scales are hard. (AC +5)
You cannot fit into any form of body armour.
You are cold-blooded and may be slowed by cold attacks.


Message History

You closely miss the adder. The adder bites you but does no damage.
You completely miss the adder. The adder bites you but does no damage.
You barely miss the adder. The adder bites you. The adder barely misses you.
You closely miss the adder. The adder bites you but does no damage.
Your unstable footing causes you to fumble your attack.
The adder barely misses you.
You closely miss the adder.
The adder bites you but does no damage. x2
You hit the adder but do no damage. The adder barely misses you.
Your unstable footing causes you to fumble your attack.
The adder closely misses you.
Your unstable footing causes you to fumble your attack.
The adder bites you. The adder bites you but does no damage.
The adder bites you but does no damage. The adder bites you but does no damage.
The adder barely misses you. The adder closely misses you.
The adder bites you but does no damage. The adder bites you.
The adder barely misses you. The adder closely misses you. x2
The adder completely misses you. The adder barely misses you.
The adder misses you. The adder barely misses you.
Things that are here:
an adder skeleton; a river rat skeleton The adder barely misses you.
The adder bites you.
You are poisoned.
The adder poisons you! The adder bites you.
* * * LOW HITPOINT WARNING * * *
You are more poisoned.
The adder poisons you!
* * * LOW HITPOINT WARNING * * *
You feel very sick. The adder bites you.
* * * LOW HITPOINT WARNING * * *
You are more poisoned.
The adder poisons you!
* * * LOW HITPOINT WARNING * * *
You feel very sick. The adder closely misses you. The adder barely misses you.
You die...

..##.# #.#.# #.##.#
#.#.### ####.##.###
#.#.#<#
#.........###.#.#.#
#......÷#..##÷#.#†######
#.......................
#......≈.....##.........
#..≈.≈≈≈≈≈..######...÷..
##≈≈#≈#@##### ..........
#≈≈≈≈≈≈≈S≈# ####......
#########≈# #######
#≈#≈≈≈÷≈≈# #≈#≈#≈####
#≈#≈#≈≈≈≈# #≈#≈#≈##≈#
#†#≈#≈≈ # #≈#≈##≈


You could see an adder.

Vanquished Creatures
  6 adders
  3 river rats (D:3)
  2 worms (D:2)
  A dart slug (D:1)
  3 endoplasms (D:2)
  2 giant cockroaches
  3 goblins
  6 hobgoblins
  5 jackals
  4 quokkas
  4 ball pythons
  3 bats
  2 frilled lizards (D:1)
  4 kobolds
  6 rats
54 creatures vanquished.

Vanquished Creatures (others)
  A fungus (D:1)
1 creature vanquished.

Grand Total: 55 creatures vanquished

Notes
Turn   | Place    | Note
-------+----------+-------------------------------------------
     0 | D:1      | Illumine the Draconian Monk began the quest for the Orb.
     0 | D:1      | Reached XP level 1. HP: 19/19 MP: 1/1
   348 | D:1      | Reached XP level 2. HP: 26/26 MP: 2/2
   606 | D:1      | Found Sicsif's Book Boutique.
   896 | D:1      | Reached skill level 4 in Long Blades
  1358 | D:2      | Reached XP level 3. HP: 21/31 MP: 3/3
  1478 | D:2      | Found a faded altar of an unknown god.
  1907 | D:2      | Reached XP level 4. HP: 38/38 MP: 4/4
  1957 | D:2      | Reached skill level 5 in Long Blades
  2415 | D:3      | HP: 1/38 [river rat (5)]
  2641 | D:3      | Reached XP level 5. HP: 17/45 MP: 5/5
  2669 | D:3      | HP: 2/45 [poisoned by an adder]
  2670 | D:3      | Succumbed to an adder's poison

Illustrated notes

Levels and vault maps discovered:
D:1:      dpeg_cavernosity, layout_basic, serial_shops, nicolae_diamond_shop
D:2:      minmay_spotlight, layout_loops_ring,
          hellmonk_ecumenical_altar_leap_of_faith
D:3:      layout_basic, lemuel_crystal_altar, lightli_sewer_entry_pipes,
          uniq_ijyb, uniq_natasha

Skill      XL: |  1  2  3  4 |
---------------+-------------+-----
Long Blades    | 4 5 |  5.7
Fighting       | |  3.2
Dodging        | |  2.6
Stealth        | |  1.7

Action                   |  1- 3 |  4- 6 || total
-------------------------+-------+-------++-------
Melee: Falchion          |   125 |    87 ||   212
       Tailslap          |    14 |     5 ||    19
       Punch             |     5 |     1 ||     6
Throw: Boomerang         |       |     1 ||     1
  Use: Scroll            |     1 |     3 ||     4
       Potion            |       |     1 ||     1
 Stab: Sleeping          |     8 |       ||     8
Armor: Skin              |    37 |    30 ||    67
Dodge: Dodged            |    73 |    70 ||   143

Table legend: (Time is in decaauts)
 A = Elapsed time spent in this place.
 B = Non-inter-level travel time spent in this place.
 C = Inter-level travel time spent in this place.
 D = Time resting spent in this place.
 E = Time spent auto-exploring this place.
 F = Levels seen in this place.
 G = Mean time per level.
                   A        B        C        D        E       F      G
               +--------+--------+--------+--------+--------+-----+--------+
         Total |   2712 |   2624 |     88 |    481 |   1567 |   3 |  904.0 |
       Dungeon |   2712 |   2624 |     88 |    481 |   1567 |   3 |  904.0 |
               +--------+--------+--------+--------+--------+-----+--------+

Top non-repeatable levels by time:
     D:1: 1184 daAuts
     D:2: 1139 daAuts
     D:3: 388 daAuts
